 Dungeon Crawl Stone Soup version 0.29-a0-823-gc37b1572da (webtiles) character file.

Game seed: 6545302466742484744

744 jlumianski the Chopper (level 7, -11/53 HPs)
             Began as a Demonspawn Fighter on July 8, 2022.
             Killed from afar by an acid dragon (21 damage)
             ... with a splash of acid
             ... on level 5 of the Dungeon.
             The game lasted 00:19:30 (4753 turns).

jlumianski the Chopper (Demonspawn Fighter)         Turns: 4753, Time: 00:19:30

Health: -11/53     AC:  9    Str: 18    XL:     7   Next: 47%
Magic:  11/11      EV:  9    Int:  9    God:
Gold:   289        SH:  5    Dex: 17    Spells: 10/11 levels left

rFire   . . .      SeeInvis .   e - +4 whip (venom)
rCold   . . .      Faith    .   c - +0 buckler
rNeg    . . .      Spirit   .   b - +0 scale mail
rPois   .          Reflect  .   (no helmet)
rElec   .          Harm     .   g - +2 cloak
rCorr   .          Rampage  .   h - +2 pair of gloves
Will    .....                   (no boots)
Stlth   +++.......              (no amulet)
HPRegen 0.17/turn               (no ring)
MPRegen 0.12/turn               (no ring)

@: corroded
A: hooves 1, thin skeletal structure 2, powered by death 1
a: no special abilities


You were on level 5 of the Dungeon.
You visited 1 branch of the dungeon, and saw 5 of its levels.

You collected 289 gold pieces.

Inventory:

Hand Weapons
 a - a +0 war axe
 e - a +4 whip of venom (weapon)
 m - a +2 whip of electrocution
Missiles
 f - 2 boomerangs of dispersal
 i - 51 stones
 l - 4 poisoned darts (quivered)
 o - 3 boomerangs
Armour
 b - a +0 scale mail (worn)
 c - a +0 buckler (worn)
 g - a +2 cloak (worn)
 h - a +2 pair of gloves (worn)
Jewellery
 n - a ring of magical power
Wands
 t - a wand of paralysis (7)
Scrolls
 d - a scroll of identify
 j - a scroll of blinking
 k - a scroll of noise {unknown}
 p - a scroll of vulnerability
Potions
 q - a potion of degeneration
 s - a potion of heal wounds
 u - a potion of flight
 v - a potion of haste {unknown}


   Skills:
 + Level 3.9 Fighting
 + Level 4.3 Axes
 + Level 0.5 Throwing
 + Level 4.0 Armour
 + Level 1.3 Dodging
 * Level 1.7 Stealth
 + Level 3.3 Shields
 * Level 2.7 Spellcasting
 * Level 2.3 Poison Magic


You had 10 spell levels left.
You knew the following spells:

 Your Spells              Type           Power      Damage    Failure   Level
a - Sting                 Tmut/Pois      12%        1d3       61%         1

Your spell library contained the following spells:

 Spells                   Type           Power      Damage    Failure   Level
 Poisonous Vapours        Pois/Air       6%         N/A       75%         2
 Slow                     Hex            4%         N/A       77%         1
 Summon Small Mammal      Summ           4%         N/A       77%         1
 Call Canine Familiar     Summ           1%         N/A       98%         3
 Confusing Touch          Hex            1%         N/A       98%         3
 Summon Guardian Golem    Hex/Summ       1%         N/A       98%         3
 Vampiric Draining        Necr           1%         2d6       98%         3
 Olgreb's Toxic Radiance  Pois           5%         N/A       99%         4


Dungeon Overview and Level Annotations

Branches:
Dungeon (5/15)
 Temple: D:4-7

Altars:
Okawaru
Uskayaw
Vehumet


Innate Abilities, Weirdness & Mutations

You have large cloven feet.
You have a moderately thin skeletal structure. (Dex +4, Stealth++)
You regenerate a little health from kills.


Message History

You see here an orc corpse.
Things that are here:
a +0 trident; an orc corpse You see here an orc corpse.
Items here: )) [ †.
Okay, then.
Unknown command.
Your +2 whip of electrocution stops crackling.
Your +4 whip of venom begins to drip with poison!
e - a +4 whip of venom (weapon)
You see here an orc corpse.
Things that are here:
a +0 trident; an orc corpse
There is an escape hatch in the ceiling here.
You now have 289 gold pieces (gained 7).
There is an escape hatch in the ceiling here.
i - 51 stones (gained 7)
There is an open door here.
An acid dragon comes into view.
The acid dragon spits acid at you. The splash of acid hits you!
The acid corrodes you! The acid dragon closely misses you.
The acid dragon claws you but does no damage.
You hit the acid dragon but do no damage.
You block the acid dragon's attack.
The acid dragon claws you but does no damage.
You hit the acid dragon. Your kick misses the acid dragon.
The acid dragon is lightly wounded.
The acid dragon bites you!
* * * LOW HITPOINT WARNING * * *
You block the acid dragon's attack.
You hit the acid dragon but do no damage.
The acid dragon is lightly wounded.
The acid dragon barely misses you. x2
You closely miss the acid dragon.
You kick the acid dragon, but do no damage.
The acid dragon is lightly wounded.
The acid dragon spits acid at you. The splash of acid hits you!!
You die...

...... +.. ......#
#....##.. ###
.....###.....
....### ......
....... #....#
..##### #....#
...... #....###+#.
.##### #..D.?.....
# #..@......# .
###.......# #
#.#####.# #
#.....# .
####.....####
#.....#......
###.#<.....###
####......#.......
#.....#...##.#####


You could see an acid dragon (catching breath).

Vanquished Creatures
  Grinder (D:3)
  An ice beast (D:5)
  An ogre (D:4)
  A jelly (D:3)
  3 orc priests
  An iguana (D:5)
  Jessica (D:2)
  Ijyb (D:3)
  An orc wizard (D:3)
  4 adders
  An ufetubus (D:5)
  4 worms
  13 orcs
  6 bats
  5 endoplasms
  A giant cockroach (D:1)
  8 goblins
  7 hobgoblins
  4 jackals (D:3)
  2 quokkas
  10 ball pythons
  2 frilled lizards (D:1)
  7 kobolds
  4 rats
89 creatures vanquished.

Notes
Turn   | Place    | Note
-------+----------+-------------------------------------------
     0 | D:1      | jlumianski the Demonspawn Fighter began the quest for the
                  | Orb.
     0 | D:1      | Reached XP level 1. HP: 18/18 MP: 1/1
    82 | D:1      | Gained mutation: You have a somewhat thin skeletal
                  | structure. (Dex +2, Stealth+) [demonic ancestry]
    82 | D:1      | Reached XP level 2. HP: 7/24 MP: 2/2
   527 | D:1      | Learned a level 1 spell: Sting
   781 | D:2      | Gained mutation: You have large cloven feet. [demonic
                  | ancestry]
   781 | D:2      | Reached XP level 3. HP: 29/29 MP: 3/3
  1470 | D:3      | Reached skill level 1 in Spellcasting
  1701 | D:2      | Reached XP level 4. HP: 24/35 MP: 5/5
  1875 | D:3      | Noticed Jessica
  2148 | D:2      | Found a faded altar of an unknown god.
  2224 | D:2      | Killed Jessica
  2385 | D:3      | Gained mutation: You regenerate a little health from kills.
                  | [demonic ancestry]
  2385 | D:3      | Reached XP level 5. HP: 27/41 MP: 7/7
  2512 | D:4      | Found a radiant altar of Vehumet.
  2566 | D:3      | Noticed Grinder
  2574 | D:3      | Killed Grinder
  2575 | D:3      | Reached skill level 1 in Dodging
  2575 | D:3      | Reached skill level 1 in Poison Magic
  2575 | D:3      | Reached XP level 6. HP: 39/47 MP: 7/9
  2648 | D:5      | Entered Level 5 of the Dungeon
  2665 | D:5      | Noticed an ice beast
  2775 | D:3      | Noticed Ijyb
  2778 | D:3      | Paralysed by Ijyb for 4 turns
  2785 | D:3      | Killed Ijyb
  3848 | D:4      | Found a hide-covered altar of Uskayaw.
  3999 | D:4      | Reached skill level 1 in Stealth
  3999 | D:4      | Gained mutation: You have a moderately thin skeletal
                  | structure. (Dex +4, Stealth++) [demonic ancestry]
  3999 | D:4      | Reached XP level 7. HP: 53/53 MP: 10/10
  4567 | D:5      | Found an iron altar of Okawaru.
  4753 | D:5      | Killed from afar by an acid dragon

Illustrated notes

Levels and vault maps discovered:
D:1:      saegor_arrival_under_anarchy, layout_loops_ring
D:2:      layout_basic, dreamdust_ecumenical_altar_hidden_monk_grotto
D:3:      layout_loops_ring, grunt_ministairs_14, minmay_misc_feat_cross,
          ebering_dispersal_statue_hall, serial_bayou_ford_a, uniq_jessica,
          uniq_grinder, uniq_ijyb
D:4:      layout_loops_ring, mainiacjoe_overflow_catch_the_wave, hex_medium
D:5:      layout_basic, lemuel_tele_altar

Skill      XL: |  1  2  3  4  5  6  7 |
---------------+----------------------+-----
Shields        | 3 |  3.3
Armour         | 3 4 |  4.0
Axes           | 2 3 4 |  4.3
Spellcasting   | 1 2 |  2.7
Dodging        | 1 |  1.3
Poison Magic   | 1 2 |  2.3
Stealth        | 1 |  1.7
Fighting       | |  3.9
Throwing       | |  0.5

Action                   |  1- 3 |  4- 6 |  7- 9 || total
-------------------------+-------+-------+-------++-------
Melee: War axe           |   100 |   108 |    29 ||   237
       Kick              |     6 |    26 |    11 ||    43
       Whip              |       |       |     4 ||     4
Throw: Stone             |     6 |     7 |       ||    13
       Dart              |       |     2 |       ||     2
Evoke: Wand              |       |     1 |       ||     1
  Use: Scroll            |       |     3 |     7 ||    10
       Potion            |       |     3 |     1 ||     4
 Stab: Sleeping          |     2 |       |     1 ||     3
Armor: Scale mail        |    56 |    74 |    19 ||   149
Dodge: Dodged            |    52 |    41 |    11 ||   104
Block: Buckler           |    32 |    27 |    11 ||    70

Table legend: (Time is in decaauts)
 A = Elapsed time spent in this place.
 B = Non-inter-level travel time spent in this place.
 C = Inter-level travel time spent in this place.
 D = Time resting spent in this place.
 E = Time spent auto-exploring this place.
 F = Levels seen in this place.
 G = Mean time per level.
                   A        B        C        D        E       F      G
               +--------+--------+--------+--------+--------+-----+--------+
         Total |   4871 |   4795 |     76 |    534 |   2382 |   5 |  974.2 |
       Dungeon |   4871 |   4795 |     76 |    534 |   2382 |   5 |  974.2 |
               +--------+--------+--------+--------+--------+-----+--------+

Top non-repeatable levels by time:
     D:3: 1469 daAuts
     D:2: 1159 daAuts
     D:1: 1118 daAuts
     D:4: 885 daAuts
     D:5: 238 daAuts
